 Dungeon Crawl Stone Soup version 0.30-a0-373-gd37427bb62 (webtiles) character file.

Game seed: 12221752514058529136

7756 timneilson the Blocker (level 11, 0/67 HPs)
             Began as a Gargoyle Fighter on Nov 24, 2022.
             Was an Elder of Okawaru.
             Slain by a cyclops (7 damage)
             ... on level 8 of the Dungeon.
             The game lasted 00:18:15 (7317 turns).

timneilson the Blocker (Gargoyle Fighter)           Turns: 7317, Time: 00:18:16

Health: 0/67       AC: 29    Str: 25    XL:     11   Next: 20%
Magic:  13/15      EV: 12    Int:  8    God:    Okawaru [****..]
Gold:   324        SH:  9    Dex:  9    Spells: 10/10 levels left

rFire   + . .      SeeInvis .    a - +1 long sword
rCold   + + .      Faith    .    h - +2 buckler {rC+ rF+}
rNeg    + + +      Spirit   .    p - +7 chain mail "Paovita" {-Cast rC+ rN++}
rPois   ∞          Reflect  .    d - +1 hat
rElec   +          Harm     .    (no cloak)
rCorr   .          Rampage  .    (no gloves)
Will    .....      Clarity  +    (no boots)
Stlth   .......... NoCast   +    (no amulet)
HPRegen 0.31/turn                (no ring)
MPRegen 0.14/turn                (no ring)

@: heroic
A: sickness immunity, AC +8, negative energy resistance 1, electricity
resistance, torment resistance 1, petrification resistance, hooves 1, clarity,
sturdy frame 1
a: Renounce Religion, Heroism, Finesse


You were on level 8 of the Dungeon.
You worshipped Okawaru.
Okawaru was greatly pleased with you.
You visited 2 branches of the dungeon, and saw 9 of its levels.
You also visited: Bailey.

You collected 324 gold pieces.

Inventory:

Hand Weapons
 a - a +1 long sword (weapon)
Armour
 d - a +1 hat (worn)
 h - a +2 buckler of resistance (worn)
 p - the +7 chain mail "Paovita" (worn) {-Cast rC+ rN++}
   (You found it on level 5 of the Dungeon)

   rC:        It protects you from cold.
   rN:        It greatly protects you from negative energy.
   -Cast:     It prevents spellcasting.
Wands
 l - a wand of paralysis (4)
 m - a wand of flame (5)
 n - a wand of iceblast (7)
 r - a wand of polymorph (9)
Scrolls
 f - 5 scrolls of enchant weapon
 q - a scroll of poison {unknown}
Potions
 b - a potion of attraction
 c - a potion of lignification
 e - a potion of berserk rage {unknown}
 g - a potion of flight {unknown}
 i - 3 potions of magic
 j - 2 potions of curing
 k - a potion of heal wounds
 o - 2 potions of mutation


   Skills:
 + Level 7.0(12.0) Fighting
 * Level 7.5(12.5) Long Blades
 * Level 9.4(14.4) Armour
 + Level 4.4(9.4) Dodging
 * Level 9.4(14.4) Shields
 + Level 5.8 Invocations
 + Level 4.7 Evocations


You had 10 spell levels left.
You didn't know any spells.
Your spell library contained the following spells:

 Spells                   Type           Power      Damage    Failure   Level
 Foxfire                  Conj/Fire      0%         2x1d4     82%         1
 Blink                    Tloc           0%         N/A       91%         2
 Ensorcelled Hibernation  Hex/Ice        0%         N/A       91%         2
 Momentum Strike          Conj/Tloc      0%         3d8       91%         2
 Passwall                 Tmut/Erth      0%         N/A       91%         2
 Lesser Beckoning         Tloc           0%         N/A       99%         3
 Swiftness                Air            0%         N/A       99%         3
 Manifold Assault         Tloc           0%         N/A       100%        4
 Storm Form               Tmut/Air       0%         N/A       100%        7


Dungeon Overview and Level Annotations

Branches:
Dungeon (8/15)             Temple (1/1) D:6          Bailey (visited)
   Lair: D:8-11

Altars:
Ashenzari
Cheibriados
Dithmenos
Fedhas
Gozag
Hepliaklqana
Kikubaaqudgha
Nemelex Xobeh
Okawaru
Ru
Sif Muna
Trog
Vehumet
Wu Jian
Xom
Yredelemnul
Zin
The Shining One
Lugonu


Innate Abilities, Weirdness & Mutations

You are immune to sickness and miasma.
Your stone body is resilient. (AC +8)
You are immune to poison.
You resist negative energy. (rN+)
You are resistant to electric shocks. (rElec)
You are resistant to unholy torment.
You are immune to petrification.
You have large cloven feet.
You possess an exceptional clarity of mind.
Your movements are slightly less encumbered by armour. (ER -2)


Message History

You block the kobold's attack.
You hit the kobold. You kick the kobold.
You kill the kobold!
You closely miss the kobold. The kobold hits you but does no damage.
You block the kobold's attack.
You slash the kobold!
You kill the kobold!
You completely miss the kobold. You kick the kobold.
You kill the kobold!
The kobold throws a poisoned dart.
The poisoned dart hits you!
Items here: ( )))) †††.
You hit the kobold.
You kill the kobold!
You block the kobold's attack. The kobold hits you but does no damage.
Things that are here:
a +0 dagger; 3 poisoned darts; a kobold corpse You hit the kobold.
You kill the kobold!
You block the kobold's attack.
You barely miss the kobold. You kick the kobold.
You kill the kobold!
You see here a +2 whip of venom.
q - a scroll labelled APUR VOJUBRAN
There are no items here.
Found 13 gold pieces.
Things that are here:
a +0 dagger; 6 poisoned darts; a kobold corpse A cyclops comes into view.
The cyclops shouts!
The cyclops throws a large rock.
The large rock hits you!!
You gain the combat prowess of a mighty hero.
You can no longer enter into single combat with a foe.
Okawaru will no longer gift you equipment.
The cyclops throws a large rock.
The large rock hits you!!
* * * LOW HITPOINT WARNING * * *
The cyclops hits you.
* * * LOW HITPOINT WARNING * * *
You barely miss the cyclops. Your kick misses the cyclops.
The cyclops hits you!
You die...

#....#...........
#....#.........#
#....#.........#
#............$#
#...)#).......####
#####)............ ..
#)###..#..#### ...#
#.##..........
#....####.##.@C....... #.
#......##..........
##.#####....#..........
#....#...##............
###.<..#.######...)......
.........................
###.....#######..........
#....## #......... #....#
...


You could see a cyclops.

Vanquished Creatures
  2 orc knights (Bailey)
  A water moccasin (D:7)
  11 orc warriors (Bailey)
  An ogre (D:5)
  3 ice beasts
  3 phantoms
  3 kobold brigands
  2 necrophages
  2 gnoll sergeants
  4 scorpions
  3 hounds
  3 jellies
  3 orc priests
  2 iguanas
  Natasha (thrice) (D:4)
  4 orc wizards (D:4)
  7 gnolls
  8 adders
  A shadow imp (D:5)
  A white imp (D:7)
  4 worms
  5 dart slugs
  40 orcs
  A ball python (D:2)
  6 endoplasms
  A giant cockroach (D:3)
  13 goblins
  7 hobgoblins
  2 quokkas
  5 bats
  3 frilled lizards
  23 kobolds
  8 rats
185 creatures vanquished.

Vanquished Creatures (others)
  An orc wizard (D:4)
1 creature vanquished.

Grand Total: 186 creatures vanquished

Notes
Turn   | Place    | Note
-------+----------+-------------------------------------------
     0 | D:1      | timneilson the Gargoyle Fighter began the quest for the
                  | Orb.
     0 | D:1      | Reached XP level 1. HP: 14/14 MP: 1/1
   141 | D:1      | Reached XP level 2. HP: 19/19 MP: 2/2
   679 | D:2      | Reached XP level 3. HP: 12/23 MP: 3/3
   962 | D:2      | Found an ancient bone altar of Kikubaaqudgha.
  1937 | D:3      | Reached XP level 4. HP: 28/28 MP: 4/4
  1978 | D:3      | Found a faded altar of an unknown god.
  1987 | D:3      | Got Plato's Disquisition on the Salvo
  2010 | D:3      | You fall into a shaft and drop 3 floors!
  2013 | D:6      | Found a staircase to the Ecumenical Temple.
  2030 | Temple   | Entered the Ecumenical Temple
  2151 | Temple   | Became a worshipper of Warmaster Okawaru
  2207 | D:6      | Noticed a kobold brigand
  2240 | D:6      | Gained mutation: You occasionally lose the ability to drink
                  | potions when taking damage. [potion of mutation]
  2240 | D:6      | Gained mutation: You have very sharp teeth. [potion of
                  | mutation]
  2240 | D:6      | Gained mutation: You are dopey. (Int -2) [potion of
                  | mutation]
  2244 | D:6      | Killed a kobold brigand
  2245 | D:6      | Reached XP level 5. HP: 13/33 MP: 5/5
  2287 | D:6      | Lost mutation: You are dopey. (Int -2) [potion of mutation]
  2287 | D:6      | Lost mutation: You occasionally lose the ability to drink
                  | potions when taking damage. [potion of mutation]
  2287 | D:6      | Lost mutation: You have very sharp teeth. [potion of
                  | mutation]
  2287 | D:6      | Gained mutation: You possess an exceptional clarity of
                  | mind. [potion of mutation]
  2287 | D:6      | Gained mutation: You have large cloven feet. [potion of
                  | mutation]
  2287 | D:6      | Gained mutation: Your movements are slightly less
                  | encumbered by armour. (ER -2) [potion of mutation]
  2402 | D:6      | Reached * piety under Okawaru
  2403 | D:6      | Reached skill level 1 in Dodging
  2403 | D:6      | Reached skill level 1 in Invocations
  2415 | D:6      | Reached XP level 6. HP: 27/38 MP: 6/6
  2444 | D:5      | Entered Level 5 of the Dungeon
  2492 | D:5      | Reached skill level 1 in Evocations
  2783 | D:3      | Found a shimmering blue altar of Sif Muna.
  2811 | D:3      | Found a sacrificial altar of Ru.
  3095 | D:4      | Reached skill level 5 in Shields
  3095 | D:4      | Reached XP level 7. HP: 36/43 MP: 8/8
  3139 | D:4      | Reached skill level 5 in Armour
  3156 | D:4      | Noticed Natasha
  3165 | D:4      | Killed Natasha
  3310 | D:4      | Noticed Natasha
  3320 | D:4      | Killed Natasha
  3377 | D:4      | Reached ** piety under Okawaru
  3706 | D:4      | Noticed Natasha
  3714 | D:4      | Killed Natasha
  3897 | D:5      | Reached XP level 8. HP: 48/48 MP: 9/9
  3901 | D:5      | Identified the +7 chain mail "Paovita" {-Cast rC+ rN++}
  4707 | D:6      | Found a glowing golden altar of the Shining One.
  4707 | D:6      | Found an ancient bone altar of Kikubaaqudgha.
  4707 | D:6      | Found a radiant altar of Vehumet.
  4720 | D:6      | Found an opulent altar of Gozag.
  4886 | D:6      | Found a glowing silver altar of Zin.
  4886 | D:6      | Found a blossoming altar of Fedhas.
  4887 | D:6      | Found a basalt altar of Yredelemnul.
  4970 | D:6      | Reached skill level 5 in Fighting
  5324 | D:7      | Reached *** piety under Okawaru
  5325 | D:7      | Reached XP level 9. HP: 54/54 MP: 11/11
  5353 | D:7      | Found a flagged portal.
  5372 | D:7      | Reached skill level 5 in Long Blades
  5388 | Bailey   | Entered a bailey
  5971 | Bailey   | Reached **** piety under Okawaru
  6146 | Bailey   | Noticed an orc knight
  6146 | Bailey   | Noticed an orc knight
  6162 | Bailey   | Killed an orc knight
  6172 | Bailey   | Killed an orc knight
  6173 | Bailey   | Reached XP level 10. HP: 37/60 MP: 13/13
  6190 | Bailey   | Reached skill level 5 in Invocations
  6190 | Bailey   | Reached XP level 11. HP: 35/66 MP: 13/15
  6721 | D:7      | Reached ***** piety under Okawaru
  7309 | D:8      | Noticed a cyclops
  7317 | D:8      | Slain by a cyclops

Illustrated notes

Levels and vault maps discovered:
D:1:      dpeg_arrival_pond, layout_loops_cross
D:2:      layout_basic, basic_altar
D:3:      layout_rooms, mainiacjoe_overflow_catwalk,
          mainiacjoe_overflow_small_starburst,
          shapermc_ecumenical_altar_rom_forum, chequers_avenue
D:4:      layout_loops_ring, uniq_natasha
D:5:      layout_basic
D:6:      layout_rooms, grunt_temple_overflow_open, minmay_temple_entry_ruins
D:7:      layout_loops_ring, enter_bailey_3
D:8:      layout_rooms, mainiacjoe_overflow_24_doors
Temple:   kb_corrupted_temple

Skill      XL: |  1  2  3  4  5  6  7  8  9 10 11 |
---------------+----------------------------------+-----
Long Blades    | 2 3 4 6 7 |  7.5
Armour         | 4 5 6 7 9 |  9.4
Shields        | 4 5 6 7 9 |  9.4
Dodging        | 1 2 3 4 |  4.4
Invocations    | 1 2 3 4 5 |  5.8
Evocations     | 1 2 3 4 |  4.7
Fighting       | 4 5 6 7 |  7.0

Action                   |  1- 3 |  4- 6 |  7- 9 | 10-12 || total
-------------------------+-------+-------+-------+-------++-------
Melee: Long sword        |   157 |   147 |   569 |   106 ||   979
       Kick              |       |    23 |   157 |    31 ||   211
Invok: Heroism           |       |       |     6 |     1 ||     7
  Use: Scroll            |     4 |     3 |     2 |     2 ||    11
       Potion            |       |     3 |     4 |     1 ||     8
Armor: Scale mail        |    69 |       |       |       ||    69
       Chain mail        |     6 |   111 |   426 |    48 ||   591
       Skin              |       |    34 |       |       ||    34
Dodge: Dodged            |    63 |    54 |   296 |    38 ||   451
Block: Buckler           |    38 |    38 |   242 |    37 ||   355

Table legend: (Time is in decaauts)
 A = Elapsed time spent in this place.
 B = Non-inter-level travel time spent in this place.
 C = Inter-level travel time spent in this place.
 D = Time resting spent in this place.
 E = Time spent auto-exploring this place.
 F = Levels seen in this place.
 G = Mean time per level.
                   A        B        C        D        E       F      G
               +--------+--------+--------+--------+--------+-----+--------+
         Total |   7512 |   7074 |    438 |    539 |   4409 |  10 |  751.2 |
       Dungeon |   6442 |   6068 |    374 |     99 |   4215 |   8 |  805.2 |
        Temple |    165 |    101 |     64 |      0 |     82 |   1 |  165.0 |
        Bailey |    904 |    904 |      0 |    440 |    112 |   1 |  904.0 |
               +--------+--------+--------+--------+--------+-----+--------+

Top non-repeatable levels by time:
     D:2: 1262 daAuts
     D:4: 985 daAuts
     D:6: 950 daAuts
     D:5: 937 daAuts
     D:7: 905 daAuts
  Bailey: 904 daAuts
     D:3: 708 daAuts
     D:1: 636 daAuts
  Temple: 165 daAuts
     D:8: 55 daAuts
